 Dungeon Crawl Stone Soup version 0.22.1-2-g9c5b331383 (webtiles) character file.

481 gollor the Vexing (level 6, 0/41 HPs)
             Began as a Vampire Enchanter on Jan 1, 2019.
             Was an Initiate of Ashenzari.
             Slain by a hornet zombie (12 damage)
             ... on level 5 of the Dungeon.
             The game lasted 00:34:59 (8435 turns).

gollor the Vexing (Vampire Enchanter)               Turns: 8435, Time: 00:34:59

Health: 0/41       AC:  5    Str:  7    XL:     6   Next: 87%
Magic:  9/10       EV: 12    Int: 20    God:    Ashenzari [......]
Gold:   218        SH:  0    Dex: 14    Spells: 2/11 levels left

rFire    . . .     SeeInvis +   n - +2 dagger (venom) (curse)
rCold    + + +     Gourm    .   (no shield)
rNeg     + + +     Faith    .   b - +1 robe
rPois    ∞         Spirit   .   c - +0 helmet
rElec    .         Reflect  .   g - +0 cloak
rCorr    .         Harm     .   (no gloves)
MR       .....                  (no boots)
Stlth    +++++.....             e - amulet of the acrobat
HPRegen  0.00/turn              h - ring of protection from cold
MPRegen  0.12/turn              (no ring)

@: bloodless, non-regenerating
A: fangs 3, see invisible, unbreathing
a: Bat Form, Curse Item, Renounce Religion


You were on level 5 of the Dungeon.
You worshipped Ashenzari.
Ashenzari was noncommittal.
You were bloodless.

You visited 2 branches of the dungeon, and saw 6 of its levels.

You collected 218 gold pieces.

Inventory:

Hand Weapons
 n - a cursed +2 dagger of venom (weapon)
Armour
 b - a +1 robe (worn)
 c - a +0 helmet (worn)
 g - a +0 cloak (worn)
Jewellery
 e - an amulet of the acrobat (around neck)
 h - a ring of protection from cold (left hand)
 i - an uncursed amulet of magic regeneration
 l - an uncursed amulet of faith
 z - an uncursed amulet of the gourmand
Wands
 r - a wand of polymorph (9)
 s - a wand of digging (24)
Scrolls
 f - 2 scrolls of remove curse
 j - 2 scrolls of identify {unknown}
 w - a scroll of amnesia
 x - a scroll of noise {unknown}
 y - a scroll of teleportation {unknown}
 B - a scroll of immolation {unknown}
Potions
 a - 2 potions of might {unknown}
 d - 17 potions of blood
 k - a potion of cancellation
 m - 2 potions of heal wounds
 o - a potion of lignification
 p - a potion of ambrosia {unknown}
 q - a potion of brilliance {unknown}
 t - 2 potions of curing {unknown}
 v - a potion of invisibility {unknown}
 A - a potion of flight {unknown}


   Skills:
 + Level 4.9 Short Blades
 - Level 2.1 Dodging
 + Level 6.3 Stealth
 - Level 3.1 Spellcasting
 + Level 7.2 Hexes


You had 2 spell levels left.
You knew the following spells:

 Your Spells              Type           Power        Failure   Level  Hunger
a - Corona                Hex            ####...      1%          1    None
b - Ensorcelled Hibernat  Hex/Ice        ###...       4%          2    ##.....
c - Tukima's Dance        Hex            ####....     2%          3    ###....
d - Dazzling Spray        Conj/Hex       ###...       10%         3    ###....

Your spell library contained the following spells:

 Spells                   Type           Power        Failure   Level  Hunger
 Slow                     Hex            ####....     1%          2    ##.....
 Magic Dart               Conj           #...         14%         1    None
 Blink                    Tloc           N/A          22%         2    ##.....
 Call Imp                 Summ           #.......     22%         2    ##.....
 Confuse                  Hex            ####....     2%          3    ###....
 Conjure Flame            Conj/Fire      #.......     38%         3    ###....
 Mephitic Cloud           Conj/Pois/Air  #.......     38%         3    ###....


Dungeon Overview and Level Annotations

Branches:
Dungeon (5/15)             Temple (1/1) D:4

Altars:
Ashenzari
Cheibriados
Elyvilon
Fedhas
Gozag
Kikubaaqudgha
Nemelex Xobeh
Ru
Sif Muna
Trog
Uskayaw
Vehumet
Wu Jian
The Shining One

Annotations:
D:2 Sigmund


Innate Abilities, Weirdness & Mutations

You do not heal naturally.
You are immune to poison.
You have razor-sharp teeth.
You have supernaturally acute eyesight. (SInv)
You can survive without breathing.


Message History

You closely miss the hornet zombie.
The hornet zombie is lightly damaged.
The hornet zombie closely misses you.
You hit the hornet zombie.
The hornet zombie is lightly damaged.
The hornet zombie hits you. The hornet zombie closely misses you.
You barely miss the hornet zombie.
The hornet zombie is lightly damaged.
The hornet zombie hits you!
There is an open door here.
The hornet zombie hits you.
Okay, then.
You hit the hornet zombie but do no damage.
The hornet zombie is lightly damaged.
The hornet zombie hits you!
* * * LOW HITPOINT WARNING * * *
As you read the scroll labeled JEXTITWUSAK, it crumbles to dust.
It is a scroll of enchant armour.
Your +0 robe glows green for a moment.
The hornet zombie hits you!
You die...

#.# ### #.. ..#
#.#######.#
#.##...##.#
#####.#..#†.#.####
........###......#
##.....#..#.##.#
#........##.##.#
##..@.......##.#
##Z##########.#
#.# #<..# #.#
#.#.# ##'##
####.#.# #...#
#....#.. #.....#
#.#######
#.......##
#.........#


You could see a hornet zombie.

Vanquished Creatures
  3 orc priests
  Crazy Yiuf (D:2)
  An orc wizard (D:3)
  Terence (D:3)
  Natasha (twice) (D:2)
  2 worker ants
  Robin (D:2)
  4 gnolls
  A howler monkey skeleton (D:4)
  5 adders
  An ooze (D:2)
  2 leopard geckos (D:4)
  8 orcs
  A giant cockroach (D:2)
  13 goblins
  6 hobgoblins
  2 quokkas
  3 bats
  2 frilled lizards
  A jackal skeleton (D:4)
  5 kobolds
  3 rats
68 creatures vanquished.

Vanquished Creatures (collateral kills)
  An ogre (D:4)
1 creature vanquished.

Vanquished Creatures (others)
  A quokka (D:4)
  A fungus (D:2)
2 creatures vanquished.

Grand Total: 71 creatures vanquished

Notes
Turn   | Place    | Note
-------+----------+-------------------------------------------
     0 | D:1      | gollor the Vampire Enchanter began the quest for the Orb.
     0 | D:1      | Reached XP level 1. HP: 13/13 MP: 3/3
  1111 | D:2      | Reached XP level 2. HP: 19/19 MP: 5/5
  1134 | D:2      | Noticed Robin
  1160 | D:1      | Learned a level 2 spell: Ensorcelled Hibernation
  1447 | D:2      | Noticed Natasha
  1449 | D:2      | Noticed Sigmund
  1451 | D:2      | Killed Natasha
  1451 | D:2      | Reached XP level 3. HP: 24/24 MP: 6/6
  1766 | D:2      | Noticed Natasha
  1818 | D:2      | Learned a level 3 spell: Tukima's Dance
  3085 | D:2      | Found a runed door.
  3351 | D:2      | Killed Robin
  4195 | D:2      | Reached XP level 4. HP: 30/30 MP: 7/7
  4400 | D:2      | Reached skill level 5 in Hexes
  6241 | D:3      | Reached XP level 5. HP: 35/35 MP: 6/9
  6249 | D:3      | Learned a level 3 spell: Dazzling Spray
  6351 | D:3      | Reached skill level 6 in Hexes
  6513 | D:3      | Noticed Terence
  6518 | D:3      | Killed Terence
  6672 | D:3      | Reached skill level 5 in Stealth
  7088 | D:2      | Killed Natasha
  7088 | D:2      | Reached XP level 6. HP: 41/41 MP: 7/10
  7505 | D:2      | Noticed Crazy Yiuf
  7510 | D:2      | Killed Crazy Yiuf
  7616 | D:4      | Found an ornate altar of the Wu Jian Council.
  7617 | D:4      | Found a glowing golden altar of the Shining One.
  7617 | D:4      | Found an ancient bone altar of Kikubaaqudgha.
  7617 | D:4      | Found a shattered altar of Ashenzari.
  7626 | D:4      | Became a worshipper of Ashenzari the Shackled
  7766 | D:4      | Found a white marble altar of Elyvilon.
  7912 | D:4      | Found a staircase to the Ecumenical Temple.
  7941 | Temple   | Entered the Ecumenical Temple
  8071 | D:4      | Found a blossoming altar of Fedhas.
  8176 | D:4      | Reached skill level 7 in Hexes
  8386 | D:5      | Entered Level 5 of the Dungeon
  8435 | D:5      | Slain by a hornet zombie

Skill      XL: |  1  2  3  4  5  6 |
---------------+-------------------+-----
Short Blades   | 2 3 4 |  4.9
Hexes          | 5 6 7 |  7.2
Spellcasting   | 3 |  3.1
Stealth        | 5 6 |  6.3
Dodging        | |  2.1

Action                   |  1- 3 |  4- 6 || total
-------------------------+-------+-------++-------
Melee: Dagger            |    49 |    93 ||   142
       Bite              |     1 |     6 ||     7
 Cast: Corona            |     2 |       ||     2
       Ensorcelled Hiber |    18 |    51 ||    69
       Tukima's Dance    |       |     5 ||     5
Invok: Curse Item        |       |     1 ||     1
  Use: Potion            |     5 |     8 ||    13
       Scroll            |     3 |     3 ||     6
 Stab: Sleeping          |    15 |    32 ||    47
Armor: Robe              |    11 |    13 ||    24
Dodge: Dodged            |    33 |    70 ||   103
